 Dungeon Crawl Stone Soup version 0.23-a0-151-gf6d1ed2 (webtiles) character file.

14235 magipi the Magician (level 12, 0/91 HPs)
             Began as a Gnoll Warper on Sept 8, 2018.
             Was a High Priest of Ru.
             Slain by a minotaur
             ... wielding an uncursed staff of earth
              (9 damage)
             ... in a labyrinth.
             The game lasted 01:04:31 (17463 turns).

magipi the Magician (Gnoll Warper)                 Turns: 17463, Time: 01:04:32

Health: 0/91       AC: 11    Str: 18    XL:     12   Next: 14%
Magic:  23/23      EV: 15    Int: 16    God:    Ru [*****.]
Gold:   239        SH:  0    Dex: 13    Spells: 22/26 levels left

rFire    . . .     SeeInvis .   a - +5 scimitar (flame)
rCold    . . .     Gourm    .   (shield unavailable)
rNeg     + . .     Faith    .   D - +0 acid dragon scales
rPois    .         Spirit   .   J - +1 hat of Sept {Regen+ Dex-2 Slay+6}
rElec    .         Reflect  .   v - +0 cloak
rCorr    +         Harm     .   G - +0 pair of gloves
MR       .....                  u - +1 pair of boots
Stlth    +++.......             (no amulet)
HPRegen  0.65/turn              (ring unavailable)
MPRegen  0.18/turn              n - ring of positive energy

@: hasted, very quick
A: distributed training, fangs 1, missing a hand, inability to train armour,
unskilled 1, strong nose
a: Draw Out Power, Power Leap, Apocalypse, Renounce Religion


You were in a labyrinth.
You worshipped Ru.
Ru was extremely pleased with you.
You were not hungry.

You visited 2 branches of the dungeon, and saw 12 of its levels.
You also visited: Labyrinth.

You collected 648 gold pieces.
You spent 409 gold pieces at shops.

Inventory:

Hand Weapons
 a - a +5 scimitar of flaming (weapon)
   (You took it off Erica on level 8 of the Dungeon)
 b - a +3 dagger of venom
   (You took it off an orc on level 3 of the Dungeon)
 q - a +0 scimitar
   (You found it on level 11 of the Dungeon)
Missiles
 e - 4 tomahawks of dispersal (quivered)
 h - 2 throwing nets
 L - 6 javelins
Armour
 u - a +1 pair of boots (worn)
   (You found it on level 9 of the Dungeon)
 v - a +0 cloak (worn)
   (You bought it in a shop on level 6 of the Dungeon)
 D - +0 acid dragon scales (worn)
   (You found it on level 11 of the Dungeon)
 G - a +0 pair of gloves (worn)
   (You found it on level 8 of the Dungeon)
 J - the +1 hat of Sept (worn) {Regen+ Dex-2 Slay+6}
   (You bought it in a shop on level 6 of the Dungeon)

   It affects your dexterity (-2).
   It affects your accuracy and damage with ranged weapons and melee attacks
   (+6).
   It increases your rate of regeneration.
Jewellery
 n - a ring of positive energy (right hand)
   (You found it on level 10 of the Dungeon)
 x - an uncursed ring of fire
   (You found it on level 10 of the Dungeon)
 z - an uncursed ring of wizardry
   (You found it on level 11 of the Dungeon)
Wands
 g - a wand of enslavement (8)
   (You found it on level 10 of the Dungeon)
 k - a wand of flame (19)
   (You found it on level 10 of the Dungeon)
 m - a wand of acid (3)
   (You found it on level 8 of the Dungeon)
 t - a wand of iceblast (10)
   (You found it on level 1 of the Lair of Beasts)
Scrolls
 c - 2 scrolls of noise
 d - 2 scrolls of blinking
 i - 2 scrolls of teleportation
 j - 2 scrolls of remove curse
 p - a scroll of enchant armour {unknown}
 C - a scroll of magic mapping
 E - a scroll of fear
 F - a scroll of identify
 H - a scroll of vulnerability {unknown}
 I - a scroll of silence {unknown}
Potions
 l - 3 potions of brilliance
 o - a potion of cancellation
 r - a potion of magic
 s - a potion of ambrosia
 w - a potion of curing
 A - a potion of heal wounds
Miscellaneous
 y - a lightning rod (2/4)
   (You found it on level 9 of the Dungeon)
Comestibles
 f - 21 rations


   Skills:
 + Level 7.6 Fighting
 + Level 6.2 Short Blades
 + Level 7.6 Long Blades
 + Level 6.2 Axes
 + Level 6.2 Maces & Flails
 + Level 6.2 Polearms
 + Level 6.2 Staves
 + Level 6.2 Slings
 + Level 6.1 Bows
 + Level 6.2 Crossbows
 + Level 6.7 Throwing
   Level 0.0 Armour
 + Level 7.6 Dodging
 + Level 6.2 Stealth
   Level 0.0 Shields
 + Level 6.2 Unarmed Combat
 + Level 7.8 Spellcasting
 + Level 5.2 Conjurations
 + Level 5.2 Hexes
 + Level 5.2 Charms
 + Level 5.2 Summonings
 + Level 5.2 Necromancy
 + Level 7.3 Translocations
 + Level 5.2 Transmutations
 + Level 5.2 Fire Magic
 + Level 5.2 Ice Magic
 + Level 5.2 Air Magic
 + Level 5.2 Earth Magic
 + Level 5.2 Poison Magic
 + Level 6.9 Invocations
 + Level 6.2 Evocations


You had 22 spell levels left.
You knew the following spells:

 Your Spells              Type           Power        Failure   Level  Hunger
b - Blink                 Tloc           N/A          1%          2    None
g - Shroud of Golubria    Chrm/Tloc      ####......   1%          2    None

Your spell library contained the following spells:

 Spells                   Type           Power        Failure   Level  Hunger
 Animate Skeleton         Necr           N/A          1%          1    None
 Apportation              Tloc           ####..       1%          1    None
 Confusing Touch          Hex            ###...       1%          1    None
 Summon Small Mammal      Summ           ###.         1%          1    None
 Gell's Gravitas          Tloc           ####......   2%          3    ##.....
 Lesser Beckoning         Tloc           ####......   2%          3    ##.....
 Teleport Other           Tloc           ####....     2%          3    ##.....
 Passage of Golubria      Tloc           N/A          8%          4    ####...


Dungeon Overview and Level Annotations

Branches:
Dungeon (11/15)            Temple (0/1) D:6            Lair (1/6) D:11
    Orc (0/2) D:10

Altars:
Elyvilon
Fedhas
Gozag
Hepliaklqana
Kikubaaqudgha
Ru
Sif Muna
Uskayaw
Xom
Yredelemnul

Shops:
D:6 ?[=   D:10 :

Annotations:
D:3 2 transporters, derval's ghost, amateur GnTm
D:4 3 runed doors, Ampheric2's ghost, amateur MiBe
D:8 dig, exclusion: door


Innate Abilities, Weirdness & Mutations

Your experience applies equally to all skills.
You have very sharp teeth.
You are missing a hand.
You cannot train Armour skill.
You are somewhat unskilled. (-1 Apt)
Your uncanny sense of smell can sniff out nearby items.


Message History

You lop one of the six-headed hydra's heads off!
The flame cauterises the wound!
You slice the five-headed hydra!! You burn the five-headed hydra.
You kill the five-headed hydra!
Your Bows skill increases to level 6!
A spriggan comes into view. It is wielding a rapier.
You see here a komodo dragon corpse.
The spriggan is stunned by your will and fails to attack.
A basilisk comes into view.
The spriggan hits you but does no damage.
You slice the spriggan!! You burn the spriggan.
You kill the spriggan!
Things that are here:
a rapier; a robe; a spriggan corpse A crocodile comes into view.
The basilisk gazes at you. You resist with some effort.
You miss the basilisk. The basilisk closely misses you.
You riposte.
You slash the basilisk! You burn the basilisk!
The basilisk is severely wounded.
You hit the basilisk. You burn the basilisk. You bite the basilisk!
You kill the basilisk!
Unknown command.
You slash the crocodile! You burn the crocodile.
The crocodile is heavily wounded.
The crocodile bites you.
You focus your will and slow the crocodile in retribution!
You slice the crocodile!! You burn the crocodile.
You kill the crocodile!
A hippogriff comes into view.
You slash the hippogriff! You burn the hippogriff.
The hippogriff is moderately wounded.
The hippogriff misses you. The hippogriff pecks you.
The hippogriff claws you but does no damage.
You hit the hippogriff. You burn the hippogriff.
You bite the hippogriff, but do no damage.
The hippogriff is heavily wounded.
The hippogriff misses you.
The hippogriff pecks you but does no damage.
The hippogriff claws you but does no damage.
You slice the hippogriff!! You burn the hippogriff.
The hippogriff is almost dead.
The hippogriff misses you. The hippogriff barely misses you.
The hippogriff claws you but does no damage.
You slash the hippogriff! You burn the hippogriff.
You kill the hippogriff!
You hear the brisk ticking of a distant clock.
Found 14 arrows.
Found a stone staircase leading down.
Found an escape hatch in the floor.
Found 22 arrows.
Found 23 bolts.
Found a labyrinth entrance.
There is a labyrinth entrance here.
Beware, the minotaur awaits!
Okay, then.
The world spins around you as you enter the gateway.
As you enter the labyrinth, previously moving walls settle noisily into place.
You hear an odd grinding sound!
Okay, then.
Evoke which item? (* to show all) (? for menu, Esc to quit)
Okay, then.
Okay, then.
Okay, then.
Okay, then.
Okay, then.
You feel yourself speed up.
Your +5 scimitar of flaming stops flaming.
Your +3 dagger of venom begins to drip with poison!
b - a +3 dagger of venom (weapon)
You open the door.
A minotaur comes into view. It is wielding a staff of earth.
Found a curved glowing staff.
Found an escape hatch in the ceiling.
There is an open door here.
You completely miss the minotaur.
The minotaur bellows!
The minotaur furiously retaliates!
The minotaur headbutts you, but does no damage.
Your +3 dagger of venom stops dripping with poison.
Your +5 scimitar of flaming bursts into flame!
a - a +5 scimitar of flaming (weapon)
The minotaur barely misses you. The minotaur completely misses you.
The minotaur blocks your attack.
You bite the minotaur, but do no damage.
The minotaur blocks your attack.
The minotaur hits you with a staff of earth!
The minotaur crushes you! The minotaur misses you.
The minotaur blocks your attack.
You slash the minotaur! You burn the minotaur.
The minotaur is moderately wounded.
The minotaur hits you with a staff of earth!!
The minotaur crushes you! The minotaur completely misses you.
The minotaur blocks your attack.
The minotaur is moderately wounded.
You hit the minotaur but do no damage.
The minotaur is moderately wounded.
The minotaur hits you with a staff of earth!!
* * * LOW HITPOINT WARNING * * *
The minotaur crushes you!
* * * LOW HITPOINT WARNING * * *
The minotaur gores you!
You die...

. .## . .
#..#######.###
#..#≈≈≈#.#... ##.
#≈≈.#.#.##### ..
#≈<.@.'......# ###
##..#≈≈H#.#..###.#
#. .
.#..#≈≈≈#.#..# #
.#
#.#..#######.##.#
# . .. ..#....
..... ......# #.#
### ###. ### ###.
. . ..# ... # . ##
.# ##.## . . # #.


You could see a minotaur.

Vanquished Creatures
  A hydra (Lair:1)
  Erica (D:8)
  Pikel (D:9)
  An ugly thing (D:11)
  A cyclops (D:11)
  Maurice (D:11)
  A gargoyle (D:10)
  2 centaur skeletons
  A rime drake (D:10)
  2 komodo dragons
  A troll (D:11)
  3 hippogriffs
  Sigmund (D:5)
  A spriggan (Lair:1)
  A shadow (D:11)
  A yak (D:7)
  A wraith (D:11)
  3 hogs (D:7)
  A basilisk (Lair:1)
  A human (D:7)
  A steam dragon (D:11)
  Edmund (D:5)
  Menkaure (D:7)
  17 water moccasins (D:10)
  An acid dragon (D:11)
  Duvessa (D:4)
  3 ice beasts
  5 orc warriors (D:10)
  4 sky beasts
  An eye of draining (D:7)
  A phantom (D:10)
  4 ogres
  6 centaurs
  A crocodile (Lair:1)
  A big kobold (D:11)
  7 bullfrogs
  Dowan (D:4)
  A water moccasin skeleton (D:9)
  5 wights
  5 electric eels (D:10)
  2 howler monkeys
  5 crimson imps
  A bullfrog zombie (D:8)
  7 hounds
  A jelly (D:8)
  A gnoll shaman (D:3)
  7 orc priests
  8 worker ants
  5 iguanas
  10 orc wizards
  A hound zombie (D:11)
  A howler monkey zombie (D:6)
  53 gnolls
  24 adders
  2 shadow imps
  2 oozes
  An adder zombie (D:7)
  An adder skeleton (D:8)
  3 worms
  2 dart slugs
  4 leopard geckos
  26 orcs
  15 giant cockroaches
  6 goblins
  5 hobgoblins
  23 jackals
  5 quokkas
  10 bats
  4 frilled lizards
  2 gnoll zombies (D:6)
  9 kobolds
  A quokka skeleton (D:5)
  A quokka zombie (D:9)
  4 rats
  A plant (D:2)
346 creatures vanquished.

Vanquished Creatures (others)
  A troll (D:9)
  3 slaves (D:9)
  A human (D:7)
  A centaur skeleton (D:11)
  A shadow imp (D:9)
  3 leopard geckos
  5 orcs
  A quokka (D:11)
  40 plants (D:11)
56 creatures vanquished.

Grand Total: 402 creatures vanquished

Notes
Turn   | Place    | Note
-------+----------+-------------------------------------------
     0 | D:1      | magipi the Gnoll Warper began the quest for the Orb.
     0 | D:1      | Reached XP level 1. HP: 20/20 MP: 6/6
    99 | D:1      | Reached XP level 2. HP: 23/26 MP: 7/7
   677 | D:1      | Reached skill level 5 in Spellcasting
   677 | D:1      | Reached XP level 3. HP: 27/31 MP: 7/9
   755 | D:1      | Learned a level 2 spell: Shroud of Golubria
   758 | D:1      | Learned a level 2 spell: Blink
  1059 | D:2      | Reached skill level 1 in Invocations
  1225 | D:2      | Reached skill level 1 in Short Blades
  1225 | D:2      | Reached skill level 1 in Axes
  1225 | D:2      | Reached skill level 1 in Maces & Flails
  1225 | D:2      | Reached skill level 1 in Polearms
  1225 | D:2      | Reached skill level 1 in Staves
  1225 | D:2      | Reached skill level 1 in Slings
  1225 | D:2      | Reached skill level 1 in Bows
  1225 | D:2      | Reached skill level 1 in Crossbows
  1225 | D:2      | Reached skill level 1 in Stealth
  1225 | D:2      | Reached skill level 1 in Shields
  1225 | D:2      | Reached skill level 1 in Unarmed Combat
  1225 | D:2      | Reached skill level 1 in Evocations
  1244 | D:2      | Reached XP level 4. HP: 36/38 MP: 11/11
  1286 | D:2      | Found a sacrificial altar of Ru.
  1344 | D:2      | Became a worshipper of Ru the Awakened
  2409 | D:3      | Found an ancient bone altar of Kikubaaqudgha.
  2505 | D:3      | Found an opulent altar of Gozag.
  2573 | D:3      | Gained mutation: You are missing a hand. [Ru sacrifice]
  2573 | D:3      | Reached * piety under Ru
  2573 | D:3      | Reached ** piety under Ru
  2596 | D:3      | Found a transporter.
  2596 | D:3      | Noticed derval's ghost (amateur GnTm)
  2672 | D:3      | Found a shimmering altar of Xom.
  2673 | D:3      | Found a shimmering altar of Xom.
  2673 | D:3      | Found a shimmering altar of Xom.
  2689 | D:3      | Reached skill level 1 in Conjurations
  2689 | D:3      | Reached skill level 1 in Hexes
  2689 | D:3      | Reached skill level 1 in Charms
  2689 | D:3      | Reached skill level 1 in Summonings
  2689 | D:3      | Reached skill level 1 in Necromancy
  2689 | D:3      | Reached skill level 1 in Transmutations
  2689 | D:3      | Reached skill level 1 in Fire Magic
  2689 | D:3      | Reached skill level 1 in Ice Magic
  2689 | D:3      | Reached skill level 1 in Air Magic
  2689 | D:3      | Reached skill level 1 in Earth Magic
  2689 | D:3      | Reached skill level 1 in Poison Magic
  2763 | D:3      | Found a transporter.
  2919 | D:3      | Found a shimmering altar of Xom.
  2920 | D:3      | Found a shimmering altar of Xom.
  3077 | D:3      | Found a white marble altar of Elyvilon.
  3196 | D:3      | Reached XP level 5. HP: 42/43 MP: 12/12
  3277 | D:3      | Noticed an ogre
  3783 | D:3      | Killed an ogre
  3783 | D:3      | Reached skill level 1 in Bows
  3783 | D:3      | Reached XP level 6. HP: 20/50 MP: 14/14
  3837 | D:3      | Reached skill level 5 in Fighting
  3837 | D:3      | Reached skill level 5 in Long Blades
  3837 | D:3      | Reached skill level 5 in Dodging
  4643 | D:3      | Reached XP level 7. HP: 48/56 MP: 15/15
  6209 | D:4      | Noticed Duvessa
  6209 | D:4      | Noticed Dowan
  6622 | D:4      | Killed Duvessa
  6627 | D:4      | Killed Dowan
  6627 | D:4      | Reached XP level 8. HP: 34/63 MP: 16/16
  7014 | D:4      | Found a runed gate.
  7015 | D:4      | Found a runed gate.
  7016 | D:4      | Found a runed gate.
  7051 | D:4      | Noticed Ampheric2's ghost (amateur MiBe)
  7412 | D:4      | Found a blossoming altar of Fedhas.
  7416 | D:4      | Found a hazy altar of Hepliaklqana.
  7428 | D:4      | Gained mutation: You are somewhat unskilled. (-1 Apt) [Ru
                  | sacrifice]
  7428 | D:4      | Reduced skill Spellcasting to level 5
  7428 | D:4      | Reduced skill Translocations to level 5
  7428 | D:4      | Reached *** piety under Ru
  7428 | D:4      | Reached **** piety under Ru
  7677 | D:4      | You fall through a shaft!
  7677 | D:5      | Entered Level 5 of the Dungeon
  8556 | D:5      | Reached XP level 9. HP: 53/68 MP: 17/17
  8638 | D:5      | Noticed Edmund
  8661 | D:5      | Killed Edmund
  8850 | D:5      | Noticed Sigmund
  8858 | D:5      | Killed Sigmund
  8977 | D:6      | Found Xusekh's Magic Scroll Emporium.
  8982 | D:6      | Bought a scroll of identify for 28 gold pieces
  8982 | D:6      | Bought 2 scrolls of identify for 56 gold pieces
  8989 | D:6      | Bought a scroll of identify for 28 gold pieces
  9076 | D:6      | Found a staircase to the Ecumenical Temple.
  9179 | D:6      | Found a basalt altar of Yredelemnul.
  9471 | D:6      | Found Foagret's Antique Armour Boutique.
  9540 | D:6      | Found Yllex's Jewellery Shop.
  9607 | D:6      | Bought a cloak for 99 gold pieces
  9703 | D:7      | Found an ancient bone altar of Kikubaaqudgha.
 10032 | D:7      | Noticed Menkaure
 10258 | D:7      | Gained mutation: You cannot train Armour skill. [Ru
                  | sacrifice]
 10258 | D:7      | Reached ***** piety under Ru
 10625 | D:7      | Killed Menkaure
 10874 | D:7      | Reached skill level 5 in Throwing
 10874 | D:7      | Reached XP level 10. HP: 20/76 MP: 19/19
 11663 | D:8      | Noticed Erica
 11698 | D:8      | Killed Erica
 11698 | D:8      | Reached skill level 5 in Invocations
 11736 | D:8      | Found a hide-covered altar of Uskayaw.
 11893 | D:8      | You fall through a shaft!
 12033 | D:9      | Noticed Pikel
 12048 | D:9      | Killed Pikel
 12304 | D:9      | Reached skill level 5 in Short Blades
 12304 | D:9      | Reached skill level 5 in Axes
 12304 | D:9      | Reached skill level 5 in Maces & Flails
 12304 | D:9      | Reached skill level 5 in Polearms
 12304 | D:9      | Reached skill level 5 in Staves
 12304 | D:9      | Reached skill level 5 in Slings
 12304 | D:9      | Reached skill level 5 in Crossbows
 12304 | D:9      | Reached skill level 5 in Stealth
 12304 | D:9      | Reached skill level 5 in Unarmed Combat
 12304 | D:9      | Reached skill level 5 in Evocations
 12613 | D:8      | Found an ancient bone altar of Kikubaaqudgha.
 12626 | D:8      | Found a deep blue altar of Sif Muna.
 13084 | D:10     | Entered Level 10 of the Dungeon
 13120 | D:10     | Found Sugur's Book Boutique.
 13241 | D:10     | Found a sacrificial altar of Ru.
 13345 | D:10     | Noticed a gargoyle
 13352 | D:10     | Killed a gargoyle
 13352 | D:10     | Reached skill level 5 in Bows
 13352 | D:10     | Reached XP level 11. HP: 70/83 MP: 21/21
 15071 | D:10     | Found a staircase to the Orcish Mines.
 15371 | D:11     | Noticed a cyclops
 15379 | D:11     | Killed a cyclops
 15479 | D:11     | Noticed Maurice
 15493 | D:11     | Killed Maurice
 15818 | D:11     | Noticed a purple ugly thing
 15830 | D:11     | Killed a purple ugly thing
 15842 | D:11     | Reached skill level 5 in Conjurations
 15842 | D:11     | Reached skill level 5 in Hexes
 15842 | D:11     | Reached skill level 5 in Charms
 15842 | D:11     | Reached skill level 5 in Summonings
 15842 | D:11     | Reached skill level 5 in Necromancy
 15842 | D:11     | Reached skill level 5 in Transmutations
 15842 | D:11     | Reached skill level 5 in Fire Magic
 15842 | D:11     | Reached skill level 5 in Ice Magic
 15842 | D:11     | Reached skill level 5 in Air Magic
 15842 | D:11     | Reached skill level 5 in Earth Magic
 15842 | D:11     | Reached skill level 5 in Poison Magic
 15846 | D:11     | Found a staircase to the Lair.
 16980 | D:6      | Bought a bloodstained hat for 198 gold pieces
 16981 | D:6      | Identified the +1 hat of Sept {Regen+ Dex-2 Slay+6} (You
                  | bought it in a shop on level 6 of the Dungeon)
 17120 | Lair:1   | Entered Level 1 of the Lair of Beasts
 17166 | Lair:1   | Reached XP level 12. HP: 65/91 MP: 23/23
 17168 | Lair:1   | Noticed a six-headed hydra
 17188 | Lair:1   | Killed a five-headed hydra
 17234 | Lair:1   | Found a labyrinth entrance.
 17243 | Lab      | Entered a labyrinth
 17452 | Lab      | Noticed a minotaur
 17463 | Lab      | Slain by a minotaur

Vault maps used:
D:1:      dpeg_arrival_orchard
D:2:      minmay_roachtagon, nicolae_ru_the_path_less_chosen
D:3:      lemuel_castle_with_subvaults, lemuel_coloured_pillars_altar,
          xom_redecorated, kiku_gazebo_garden_becter, lemuel_doored_altar,
          gammafunk_ghost_arena
D:4:      nicolae_overflow_hidden_temple, serial_bayou, serial_bayou_lagoon_a,
          serial_bayou_shore_b, serial_bayou_pond_b, serial_bayou_pond_d,
          ebering_ghost_rock_garden, grunt_ministairs_8, uniq_duvessa
D:5:      first_ration, sigmund_edmund_badplayer
D:6:      lemuel_zombie_altar_yredelemnul, minmay_temple_entry_statues_pillars,
          serial_shops, kennysheep_mini, nicolae_shop_waterfront, shop,
          minmay_crystal_room, st_stairs_3, minmay_misc_feat_doors
D:7:      grunt_livestock, minmay_misc_feat_x, tgw_kikubaaqudgha, uniq_menkaure
D:8:      led_sif_book, hangedman_feature_mirror, minmay_item_behind_shaft,
          uniq_erica
D:9:      uniq_pikel
D:10:     lemuel_reptile_caves, erik_orc_2, basic_altar, serial_shops, shop
D:11:     david_lair_shrubbed, serial_park_tiny_1, uniq_maurice
Lair:1:   lab_entry_generic, wad_woods_02
Lab:      labyrinth_watery, nicolae_lab_grate, nicolae_lab_dead_end

Skill      XL: |  1  2  3  4  5  6  7  8  9 10 11 12 |
---------------+-------------------------------------+-----
Spellcasting   | 5 5 6 7 |  7.8
Invocations    | 1 2 3 4 5 6 |  6.9
Short Blades   | 1 2 3 4 5 6 |  6.2
Axes           | 1 2 3 4 5 6 |  6.2
Maces & Flails | 1 2 3 4 5 6 |  6.2
Polearms       | 1 2 3 4 5 6 |  6.2
Staves         | 1 2 3 4 5 6 |  6.2
Slings         | 1 2 3 4 5 6 |  6.2
Bows           | 1 0 1 2 3 4 5 6 |  6.1
Crossbows      | 1 2 3 4 5 6 |  6.2
Stealth        | 1 2 3 4 5 6 |  6.2
Shields        | 1 0 |  0.0
Unarmed Combat | 1 2 3 4 5 6 |  6.2
Evocations     | 1 2 3 4 5 6 |  6.2
Conjurations   | 1 2 3 4 5 |  5.2
Hexes          | 1 2 3 4 5 |  5.2
Charms         | 1 2 3 4 5 |  5.2
Summonings     | 1 2 3 4 5 |  5.2
Necromancy     | 1 2 3 4 5 |  5.2
Transmutations | 1 2 3 4 5 |  5.2
Fire Magic     | 1 2 3 4 5 |  5.2
Ice Magic      | 1 2 3 4 5 |  5.2
Air Magic      | 1 2 3 4 5 |  5.2
Earth Magic    | 1 2 3 4 5 |  5.2
Poison Magic   | 1 2 3 4 5 |  5.2
Throwing       | 3 4 5 6 |  6.7
Armour         | 3 4 0 |  0.0
Fighting       | 5 6 7 |  7.6
Long Blades    | 5 6 7 |  7.6
Dodging        | 5 6 7 |  7.6
Translocations | 6 5 6 7 |  7.3

Action                   |  1- 3 |  4- 6 |  7- 9 | 10-12 || total
-------------------------+-------+-------+-------+-------++-------
Melee: Falchion          |    94 |   119 |       |       ||   213
       Bite              |     8 |    43 |    71 |    76 ||   198
       Dagger            |       |   160 |   492 |    96 ||   748
       Short sword       |       |     7 |       |       ||     7
       Punch             |       |     1 |       |       ||     1
       Long sword        |       |       |    83 |    18 ||   101
       Scimitar          |       |       |       |   378 ||   378
Throw: Tomahawk          |       |       |       |     1 ||     1
 Cast: Shroud of Golubri |       |       |     1 |       ||     1
Invok: Sacrifice a Hand  |       |     1 |       |       ||     1
       Sacrifice Skill   |       |       |     1 |       ||     1
       Sacrifice Durabil |       |       |     1 |       ||     1
       Reject Sacrifices |       |       |       |     1 ||     1
       Draw Out Power    |       |       |       |     4 ||     4
Evoke: Wand              |       |       |       |    23 ||    23
       Lightning rod     |       |       |       |     4 ||     4
  Use: Scroll            |       |     7 |     9 |    11 ||    27
       Potion            |       |     1 |     3 |     3 ||     7
 Stab: Sleeping          |     1 |       |       |     2 ||     3
       Distracted        |       |     1 |     1 |     3 ||     5
       Invisible         |       |       |     3 |     4 ||     7
       Paralysed         |       |       |       |     4 ||     4
  Eat: Chunk             |     1 |    11 |    18 |    18 ||    48
       Ration            |       |       |     1 |     1 ||     2
Armor: Leather armour    |     7 |       |       |       ||     7
       Ring mail         |    31 |    48 |    19 |       ||    98
       Scale mail        |       |       |   106 |   144 ||   250
       Skin              |       |       |     1 |    19 ||    20
       Acid dragon scale |       |       |       |    17 ||    17
       Chain mail        |       |       |       |     1 ||     1
Dodge: Dodged            |    89 |   165 |   277 |   245 ||   776
       Rpst.: Falchion   |    33 |    17 |       |       ||    50
       Long sword        |       |       |    11 |       ||    11
       Scimitar          |       |       |       |    60 ||    60

Table legend:
 A = Non-vault XP
 B = Vault XP
 C = Vault XP percentage of total XP
 D = Non-vault monster count
 E = Vault monster count
 F = Vault count percentage of total count
                 A         B        C        D         E       F
            +---------+---------+-------+---------+---------+-------
      Total |   11027 |    9309 |  45.8 |     199 |     149 |  42.8
            +---------+---------+-------+---------+---------+-------
        D:1 |      51 |       0 |   0.0 |      25 |       0 |   0.0
        D:2 |      35 |      94 |  72.9 |      11 |      15 |  57.7
        D:3 |     100 |     773 |  88.5 |      22 |      57 |  72.2
        D:4 |     487 |     316 |  39.4 |      17 |       7 |  29.2
        D:5 |     606 |     409 |  40.3 |      20 |       2 |   9.1
        D:6 |     459 |     108 |  19.0 |       8 |       4 |  33.3
        D:7 |     811 |    1125 |  58.1 |      16 |       6 |  27.3
        D:8 |     435 |     695 |  61.5 |      10 |       3 |  23.1
        D:9 |    1225 |     681 |  35.7 |      16 |       2 |  11.1
       D:10 |    1575 |    3836 |  70.9 |      19 |      49 |  72.1
       D:11 |    3445 |     810 |  19.0 |      29 |       2 |   6.5
     Lair:1 |    1798 |     462 |  20.4 |       6 |       2 |  25.0
            +---------+---------+-------+---------+---------+-------

Action                   |  1- 3 |  4- 6 |  7- 9 | 10-12 || total
-------------------------+-------+-------+-------+-------++-------
Melee: Falchion          |    94 |   119 |       |       ||   213
       Bite              |     8 |    43 |    71 |    76 ||   198
       Dagger            |       |   160 |   492 |    96 ||   748
       Short sword       |       |     7 |       |       ||     7
       Punch             |       |     1 |       |       ||     1
       Long sword        |       |       |    83 |    18 ||   101
       Scimitar          |       |       |       |   378 ||   378
Throw: Tomahawk          |       |       |       |     1 ||     1
 Cast: Shroud of Golubri |       |       |     1 |       ||     1
Invok: Sacrifice a Hand  |       |     1 |       |       ||     1
       Sacrifice Skill   |       |       |     1 |       ||     1
       Sacrifice Durabil |       |       |     1 |       ||     1
       Reject Sacrifices |       |       |       |     1 ||     1
       Draw Out Power    |       |       |       |     4 ||     4
Evoke: Wand              |       |       |       |    23 ||    23
       Lightning rod     |       |       |       |     4 ||     4
  Use: Scroll            |       |     7 |     9 |    11 ||    27
       Potion            |       |     1 |     3 |     3 ||     7
 Stab: Sleeping          |     1 |       |       |     2 ||     3
       Distracted        |       |     1 |     1 |     3 ||     5
       Invisible         |       |       |     3 |     4 ||     7
       Paralysed         |       |       |       |     4 ||     4
  Eat: Chunk             |     1 |    11 |    18 |    18 ||    48
       Ration            |       |       |     1 |     1 ||     2
Armor: Leather armour    |     7 |       |       |       ||     7
       Ring mail         |    31 |    48 |    19 |       ||    98
       Scale mail        |       |       |   106 |   144 ||   250
       Skin              |       |       |     1 |    19 ||    20
       Acid dragon scale |       |       |       |    17 ||    17
       Chain mail        |       |       |       |     1 ||     1
Dodge: Dodged            |    89 |   165 |   277 |   245 ||   776
       Rpst.: Falchion   |    33 |    17 |       |       ||    50
       Long sword        |       |       |    11 |       ||    11
       Scimitar          |       |       |       |    60 ||    60
